 Dungeon Crawl Stone Soup version 0.27.1-33-g824d729ab1 (webtiles) character file.

Game seed: 1942534825576478171

13129 pkoi the Martial Artist (level 11, -1/82 HPs)
             Began as a White Draconian Monk on Dec 14, 2021.
             Was an Elder of Dithmenos.
             Slain by Harold (13 damage)
             ... on level 10 of the Dungeon.
             The game lasted 00:33:42 (19841 turns).

pkoi the Martial Artist (White Draconian Monk)     Turns: 19841, Time: 00:33:43

Health: -1/82      AC: 10    Str: 14    XL:     11   Next: 71%
Magic:  14/17      EV: 14    Int: 13    God:    Dithmenos [****..]
Gold:   697        SH:  0    Dex: 26    Spells: 11/18 levels left

rFire    . . .     SeeInvis .     - Unarmed
rCold    + . .     Faith    .   (no shield)
rNeg     . . .     Spirit   .   (armour unavailable)
rPois    .         Reflect  .   (helmet restricted)
rElec    .         Harm     .   (no cloak)
rCorr    .         Rampage  .   p - +0 pair of gloves
Will     .....                  e - +1 pair of boots
Stlth    ++++......             (no amulet)
HPRegen  0.23/turn              a - +6 ring of dexterity
MPRegen  0.15/turn              c - +6 ring of dexterity

@: lethally poisoned (-1 -> -19), short of breath, marked, freezing walls,
wreathed by umbra
A: breathe frost, AC +7, unfitting armour, cold resistance 1, cold-blooded
a: Breathe Frost, Renounce Religion, Shadow Step


You were on level 10 of the Dungeon.
You worshipped Dithmenos.
Dithmenos was greatly pleased with you.
You visited 2 branches of the dungeon, and saw 13 of its levels.
You also visited: Ossuary.

You collected 697 gold pieces.

Inventory:

Hand Weapons
 f - a +3 short sword of electrocution
 k - a +1 short sword of speed
 l - a +2 short sword of venom
 C - the +10 falchion "Sidaojoi" {holy, Will+ Int+3}
   (You found it on level 2 of the Lair of Beasts)

   It has been blessed by the Shining One to cause great damage to the undead
   and demons.
   Int:       It affects your intelligence (+3).
   Will:      It increases your willpower.
Armour
 e - a +1 pair of boots (worn)
 p - a +0 pair of gloves (worn)
Jewellery
 a - a +6 ring of dexterity (left hand)
 c - a +6 ring of dexterity (right hand)
 h - an amulet of faith
 u - a ring of resist corrosion
 x - a ring of protection from fire
 z - a ring of ice
Wands
 v - a wand of flame (48)
 A - a wand of digging (4)
Scrolls
 b - 2 scrolls of silence
 d - 5 scrolls of identify
 g - 5 scrolls of teleportation
 i - 3 scrolls of fog
 o - a scroll of brand weapon
 q - a scroll of amnesia
 y - 2 scrolls of enchant armour
 B - a scroll of blinking
 D - a scroll of fear
Potions
 j - a potion of heal wounds
 m - a potion of mutation {unknown}
 n - a potion of resistance
 r - a potion of flight
 s - a potion of haste
 t - 5 potions of curing
 w - a potion of brilliance


   Skills:
 - Level 3.2 Fighting
 + Level 2.7 Dodging
 - Level 1.7 Stealth
 + Level 13.0 Unarmed Combat
 - Level 4.0 Spellcasting
 - Level 8.5 Translocations
 - Level 11.6 Ice Magic


You had 11 spell levels left.
You knew the following spells:

 Your Spells              Type           Power      Damage    Failure   Level
a - Frozen Ramparts       Ice            64%        1d8       1%          3
b - Apportation           Tloc           48%        N/A       1%          1
c - Gell's Gravitas       Tloc           12%        N/A       1%          3

Your spell library contained the following spells:

 Spells                   Type           Power      Damage    Failure   Level
 Freeze                   Ice            100%       1d11      1%          1
 Teleport Other           Tloc           24%        N/A       1%          3
 Ensorcelled Hibernation  Hex/Ice        34%        N/A       3%          2
 Hailstorm                Conj/Ice       17%        3d6       19%         4
 Beastly Appendage        Tmut           4%         N/A       21%         1
 Corona                   Hex            2%         N/A       21%         1
 Summon Small Mammal      Summ           8%         N/A       21%         1
 Wereblood                Tmut           2%         N/A       30%         2
 Call Canine Familiar     Summ           2%         N/A       52%         3
 Inner Flame              Hex/Fire       2%         N/A       52%         3
 Spider Form              Tmut/Pois      1%         N/A       52%         3
 Stone Arrow              Conj/Erth      4%         3d7       52%         3
 Summon Guardian Golem    Hex/Summ       2%         N/A       52%         3
 Tukima's Dance           Hex            2%         N/A       52%         3
 Cause Fear               Hex            1%         N/A       90%         4
 Leda's Liquefaction      Hex/Erth       1%         N/A       90%         4
 Bolt of Magma            Conj/Fire/Erth 1%         4d4       99%         5
 Statue Form              Tmut/Erth      1%         N/A       100%        6
 Lehudib's Crystal Spear  Conj/Erth      1%         10d2      100%        8
 Shatter                  Erth           1%         3d5*      100%        9
 Animate Armour           Summ/Erth      Unusable   N/A       N/A         4

Dungeon Overview and Level Annotations

Branches:
Dungeon (10/15)            Temple (0/1) D:4            Lair (3/6) D:9
 Spider (0/4) Lair:2      Ossuary (visited)
  Swamp: Lair:2-4    Shoals: Lair:2-4       Orc: D:9-12

Altars:
Ashenzari
Dithmenos
Fedhas
Sif Muna
Vehumet
Yredelemnul
Zin
The Shining One

Shops:
D:1 :

Annotations:
D:10 Harold


Innate Abilities, Weirdness & Mutations

You can breathe waves of freezing cold which knock back foes.
Your icy white scales are hard. (AC +7)
You cannot fit into any form of body armour.
Your flesh is cold resistant. (rC+)
You are cold-blooded and may be slowed by cold attacks.


Message History

Unknown command.
You barely miss Harold. You punch Harold!
Harold is lightly wounded.
You feel very sick.
The wall freezes Harold!
Harold hits you with a +1 short sword of venom!
You punch Harold! You tail-slap Harold.
Harold is heavily wounded.
You feel very sick.
The wall freezes Harold.
Harold hits you but does no damage.
You are more poisoned.
Unknown command.
You punch Harold!
Harold is severely wounded.
You feel very sick.
Unknown command.
You hit Harold.
Harold is severely wounded.
You feel very sick.
The wall freezes Harold.
Harold hits you with a +1 short sword of venom!
* * * LOW HITPOINT WARNING * * *
You are lethally poisoned!
Press: ? - help, Shift-Dir - straight line, f - Harold
Aim: Harold, wielding a +1 short sword of venom and wearing a +0 scale mail (severely wounded, umbra)
You exhale a wave of freezing cold.
The freezing breath hits Harold!
Harold is almost dead.
* * * LOW HITPOINT WARNING * * *
You feel very sick.
You hear a shout!
The wall freezes Harold.
Harold points at you and mumbles some strange words.
A sentinel's mark forms upon you.
You hear a shout! x8
Unknown command.
* * * LOW HITPOINT WARNING * * *
You feel very sick.
The wall freezes Harold.
Harold hits you with a +1 short sword of venom!
You die...

.........#..##...#
.... ....^#...##
.... ##..#..##
#..####...<...### .#
#...##..#......#
....#.......#......#
.........#....#....#
##.@#...##..###
#...@.##.#..#
##......))...#
#..........###
###.##.....#
#####...## #####


You could see Harold.

Vanquished Creatures
  A hydra (Lair:2)
  A centaur warrior (D:8)
  A two-headed ogre (D:8)
  A deep elf pyromancer (D:7)
  An ugly thing (D:7)
  A cane toad (Lair:1)
  4 komodo dragons
  Prince Ribbit (D:5)
  A troll (D:8)
  Grinder (D:6)
  3 blink frogs (Lair:2)
  Sigmund (D:2)
  4 wyverns
  5 yaks
  2 basilisks
  A steam dragon (D:8)
  An acid dragon (D:9)
  Edmund (D:6)
  10 water moccasins
  3 ice beasts
  3 orc warriors
  A sky beast (D:8)
  7 black bears
  2 necrophages
  An ogre (D:4)
  4 wolves
  3 centaurs
  A phantom (D:2)
  A kobold brigand (D:4)
  2 elf zombies (Ossuary)
  4 gnoll sergeants (D:8)
  4 bullfrogs
  2 scorpions
  10 killer bees
  9 wights
  3 centaur zombies
  A crimson imp (D:9)
  3 hounds
  3 jellies
  3 orc priests
  A centaur skeleton (D:7)
  A gnoll shaman (D:6)
  6 iguanas
  3 orc wizards
  A killer bee zombie (D:8)
  2 hound skeletons (D:5)
  4 mummies (Ossuary)
  Robin (D:1)
  10 gnolls
  A howler monkey skeleton (D:7)
  4 adders
  A white imp (D:9)
  3 adder skeletons (D:4)
  3 dart slugs
  17 orcs
  8 endoplasms
  4 giant cockroaches
  17 goblins
  9 hobgoblins
  A quokka (D:3)
  8 ball pythons
  7 bats
  6 frilled lizards
  5 gnoll zombies (Ossuary)
  2 hobgoblin zombies (Ossuary)
  7 kobolds
  A kobold zombie (Ossuary)
  An orc zombie (Ossuary)
  12 rats
  A rat zombie (Ossuary)
258 creatures vanquished.

Vanquished Creatures (others)
  2 orcs (D:7)
  4 fungi
  15 plants
21 creatures vanquished.

Grand Total: 279 creatures vanquished

Notes
Turn   | Place    | Note
-------+----------+-------------------------------------------
     0 | D:1      | pkoi the Draconian Monk began the quest for the Orb.
     0 | D:1      | Reached XP level 1. HP: 19/19 MP: 1/1
    61 | D:1      | Found Leguxavumo's Book Boutique.
   258 | D:1      | Reached XP level 2. HP: 26/26 MP: 2/2
   816 | D:1      | Reached skill level 4 in Unarmed Combat
   835 | D:1      | Found a faded altar of an unknown god.
   960 | D:2      | Noticed Sigmund
  1021 | D:2      | Noticed Robin
  1032 | D:2      | Reached XP level 3. HP: 26/31 MP: 3/3
  1077 | D:1      | Killed Robin
  1380 | D:2      | Noticed a phantom
  1399 | D:2      | Killed a phantom
  1400 | D:2      | Reached skill level 5 in Unarmed Combat
  1400 | D:2      | Reached XP level 4. HP: 17/38 MP: 4/4
  2179 | D:3      | Found a basalt altar of Yredelemnul.
  2355 | D:3      | Reached XP level 5. HP: 45/45 MP: 5/5
  2867 | D:4      | Reached skill level 6 in Unarmed Combat
  3255 | D:4      | Reached XP level 6. HP: 51/51 MP: 6/6
  3288 | D:4      | Found a staircase to the Ecumenical Temple.
  3315 | D:4      | Reached skill level 7 in Unarmed Combat
  3346 | D:4      | Found a sand-covered staircase.
  3355 | Ossuary  | Entered an ossuary
  3391 | Ossuary  | Reached skill level 8 in Unarmed Combat
  3438 | Ossuary  | Your scales start taking on an icy white colour.
  3438 | Ossuary  | Reached XP level 7. HP: 9/57 MP: 7/7
  3438 | Ossuary  | Gained mutation: Your flesh is cold resistant. (rC+) [White
                  | Draconian growth]
  4663 | D:5      | Entered Level 5 of the Dungeon
  4677 | D:5      | Reached skill level 9 in Unarmed Combat
  4897 | D:5      | Learned a level 3 spell: Frozen Ramparts
  4974 | D:5      | Reached skill level 1 in Spellcasting
  4974 | D:5      | Reached skill level 1 in Ice Magic
  4993 | D:5      | Found a shadowy altar of Dithmenos.
  5085 | D:5      | Became a worshipper of Dithmenos the Shadowed
  5085 | D:5      | Reached * piety under Dithmenos
  5085 | D:5      | Reached ** piety under Dithmenos
  5153 | D:5      | Noticed Prince Ribbit
  5218 | D:5      | HP: 1/57 [Prince Ribbit (11)]
  5240 | D:5      | Reached XP level 8. HP: 21/63 MP: 8/10
  5950 | D:2      | Killed Sigmund
  6378 | D:6      | Reached skill level 10 in Unarmed Combat
  6378 | D:6      | Reached skill level 5 in Ice Magic
  6710 | D:6      | Identified a scroll of acquirement
  6710 | D:6      | Acquired the Reference Book on Warped Malediction
  6714 | D:6      | Learned a level 1 spell: Apportation
  6718 | D:6      | Learned a level 3 spell: Gell's Gravitas
  7163 | D:5      | Killed Prince Ribbit
  7164 | D:5      | Reached skill level 1 in Translocations
  7164 | D:5      | Reached XP level 9. HP: 70/70 MP: 12/12
  7189 | D:6      | Noticed Grinder
  7202 | D:6      | Killed Grinder
  8106 | D:6      | Found a broken altar of Ashenzari.
  8230 | D:6      | Noticed Edmund
  8242 | D:6      | Killed Edmund
  8296 | D:6      | Found a glowing golden altar of the Shining One.
  8529 | D:7      | Noticed a komodo dragon
  8750 | D:7      | Killed a komodo dragon
  8978 | D:7      | Reached skill level 11 in Unarmed Combat
  9485 | D:7      | Found a shimmering blue altar of Sif Muna.
  9727 | D:7      | Reached *** piety under Dithmenos
 10201 | D:7      | HP: 3/61 [wight (5)]
 10665 | D:8      | Found a radiant altar of Vehumet.
 10893 | D:8      | Reached XP level 10. HP: 59/74 MP: 16/16
 11889 | D:8      | Noticed a deep elf pyromancer
 11890 | D:8      | Noticed a centaur warrior
 11890 | D:8      | Noticed a two-headed ogre
 11921 | D:8      | Killed a two-headed ogre
 11922 | D:8      | Reached skill level 5 in Translocations
 11924 | D:8      | Killed a centaur warrior
 12134 | D:8      | Noticed a white ugly thing
 12164 | D:8      | Noticed a cyan ugly thing
 12745 | D:7      | Killed a brown ugly thing
 13205 | D:7      | Killed a deep elf pyromancer
 13206 | D:7      | Reached skill level 12 in Unarmed Combat
 13206 | D:7      | Reached skill level 10 in Ice Magic
 13527 | D:8      | Noticed a catoblepas
 14319 | D:9      | Found a staircase to the Lair.
 14356 | D:9      | Reached XP level 11. HP: 82/82 MP: 17/17
 15042 | D:9      | Found a blossoming altar of Fedhas.
 15042 | D:9      | Found a glowing silver altar of Zin.
 16051 | D:10     | Entered Level 10 of the Dungeon
 16078 | Lair:1   | Entered Level 1 of the Lair of Beasts
 16533 | Lair:1   | Reached **** piety under Dithmenos
 18236 | Lair:2   | Noticed a seven-headed hydra
 18267 | Lair:2   | Killed a seven-headed hydra
 18804 | Lair:2   | Identified the +10 falchion "Sidaojoi" {holy, Will+ Int+3}
 19024 | Lair:2   | Reached skill level 13 in Unarmed Combat
 19241 | Lair:2   | Found a hole to the Spider Nest.
 19428 | Lair:3   | Noticed a death yak
 19428 | Lair:3   | Noticed a death yak
 19428 | Lair:3   | Noticed a death yak
 19828 | D:10     | Noticed Harold
 19841 | D:10     | Slain by Harold

Illustrated notes

Levels and vault maps discovered:
D:1:      heliophobic_arrival_glass_houses, layout_basic,
          chequers_ecumenical_altar_simple_redux, serial_shops, shop,
          minmay_close_crescents
D:2:      layout_rooms, roderic_cross_of_infinity, uniq_sigmund, uniq_robin
D:3:      layout_loops_cross, lemuel_round_altar, minmay_misc_feat_hallway,
          st_stairs_4, amcnicky_mini_corridor_feature
D:4:      layout_gridville, minmay_temple_entry_stoned_glass,
          nicolae_ossuary_entry_monument
D:5:      layout_cave_pods, old_standard_altar, uniq_prince_ribbit1
D:6:      layout_basic, nicolae_ashenzari_panopticon, amcnicky_altar_gilded,
          minmay_misc_feat_more_columns, amcnicky_mini_pool_small, uniq_grinder,
          uniq_edmund
D:7:      layout_loops_ring, led_sif_pool, lemuel_flamethrower_2
D:8:      nzn_winding_woodlands_medium [nzn_winding_woodlands_5x5_three,
          nzn_winding_woodlands_5x15_pool,
          nzn_winding_woodlands_5x5_checkerboard,
          nzn_winding_woodlands_5x5_default,
          nzn_winding_woodlands_center_pierced_h,
          nzn_winding_woodlands_hourglass, nzn_winding_woodlands_5x5_default,
          nzn_winding_woodlands_5x15_garden,
          nzn_winding_woodlands_5x5_closed_star], layout_rooms,
          nicolae_vehumet_radiance
D:9:      layout_irregular_city, gammafunk_temple_overflow_statue,
          minmay_lair_entry_grove, minmay_fire_ice_demons
D:10:     layout_cave_pools, hangedman_ru_absence, glass_columns_a,
          minmay_fractal_squares_gapless_7, uniq_harold
Lair:1:   layout_cellular_growth
Lair:2:   layout_gridlike, spider_nest_entry_web_field, beast_lair_carwin_3
Lair:3:   layout_roguey, elwin_shoals_entry_rocks,
          portal_ice_cave_entry_pillars_1, beast_lair_carwin_6,
          grunt_megastairs_5, lemuel_fruit_tree, serial_bayou_shore_b,
          serial_bayou_shore_b, infiniplex_staircase_pool, lemuel_fruit_fields

Skill      XL: |  1  2  3  4  5  6  7  8  9 10 11 |
---------------+----------------------------------+-----
Unarmed Combat | 4 5 6 8 9 10 11 12 13 | 13.0
Spellcasting   | 1 2 4 |  4.0
Ice Magic      | 2 6 8 10 11 | 11.6
Translocations | 1 4 6 8 |  8.5
Fighting       | |  3.2
Dodging        | |  2.7
Stealth        | |  1.7

Action                   |  1- 3 |  4- 6 |  7- 9 | 10-12 || total
-------------------------+-------+-------+-------+-------++-------
Melee: Unarmed           |    49 |    77 |       |   248 ||   374
       Punch             |     6 |     3 |    12 |    27 ||    48
       Tailslap          |    18 |    25 |    59 |    65 ||   167
       Short sword       |    66 |    57 |   308 |    19 ||   450
Throw: Dart              |       |     1 |       |       ||     1
 Cast: Frozen Ramparts   |       |       |     6 |    41 ||    47
 Abil: Breathe Frost     |       |       |     8 |    10 ||    18
Evoke: Wand              |       |       |       |    11 ||    11
  Use: Scroll            |       |     6 |     6 |     9 ||    21
       Potion            |       |     1 |     2 |       ||     3
 Stab: Sleeping          |     4 |     8 |    17 |     1 ||    30
       Distracted        |     1 |       |       |     1 ||     2
       Invisible         |       |     2 |       |       ||     2
Armor: Skin              |    40 |    40 |    95 |    99 ||   274
Dodge: Dodged            |    77 |    99 |   271 |   223 ||   670
